 Dungeon Crawl Stone Soup version 0.30-a0-859-gf88a04b62d (webtiles) character file.

Game seed: 3188776189856597962

121 jimonade the Magician (level 5, -2/38 HPs)
             Began as a Djinni Warper on Mar 6, 2023.
             Slain by Grinder (3 damage)
             ... on level 3 of the Dungeon.
             The game lasted 00:04:26 (1959 turns).

jimonade the Magician (Djinni Warper)               Turns: 1959, Time: 00:04:26

Health: -2/38      AC:  4    Str: 12    XL:     5   Next: 26%
Gold:   86         EV: 12    Int: 14    God:
                   SH:  0    Dex: 13

rFire   + + .      SeeInvis .    a - +1 dagger (venom)
rCold   x . .      Faith    .    (no shield)
rNeg    . . .      Spirit   .    b - +0 leather armour
rPois   ∞          Reflect  .    (no helmet)
rElec   .          Rampage  .    (no cloak)
rCorr   .                        g - +0 pair of gloves
Will    .....                    (boots unavailable)
Stlth   +                        (no amulet)
HPRegen 0.26/turn                (no ring)
MPRegen 0.00/turn                (no ring)

@: flying
A: sickness immunity, fire resistance 2, cold vulnerability 1, float, innate
caster, HP casting, extra vitality 1
a: no special abilities


You were on level 3 of the Dungeon.
You visited 1 branch of the dungeon, and saw 3 of its levels.

You collected 86 gold pieces.

Inventory:

Hand Weapons
 a - a +1 dagger of venom (weapon)
 q - a +0 spear
Missiles
 d - 7 boomerangs of dispersal
Armour
 b - a +0 leather armour (worn)
 g - a +0 pair of gloves (worn)
Magical Staves
 h - a staff of cold
Scrolls
 c - a scroll of blinking
 e - a scroll of enchant weapon {unknown}
 f - a scroll of silence {unknown}
 l - 2 scrolls of torment {unknown}
 m - 2 scrolls of immolation {unknown}
 n - 2 scrolls of identify {unknown}
 p - a scroll of amnesia {unknown}
Potions
 i - a potion of cancellation {unknown}
 j - a potion of degeneration {unknown}
 k - a potion of might {unknown}
 o - a potion of magic {unknown}
 r - a potion of haste {unknown}


   Skills:
 - Level 2.0 Fighting
 - Level 1.5 Polearms
 - Level 0.7 Throwing
 - Level 1.0 Armour
 - Level 2.1 Dodging
 + Level 4.3 Spellcasting


You knew the following spells:

 Your Spells              Type           Power      Damage    Failure   Level
a - Blink                 Tloc           30%        N/A       6%          2
b - Lesser Beckoning      Tloc           30%        N/A       6%          2
c - Vhi's Electric Charg  Tloc/Air       30%        N/A       12%         3
d - Teleport Other        Tloc           15%        N/A       12%         3
e - Manifold Assault      Tloc           15%        N/A       36%         4
f - Apportation           Tloc           30%        N/A       4%          1
g - Searing Ray           Conj           30%        2d5       6%          2
Your spell library was empty.

Dungeon Overview and Level Annotations

Branches:
Dungeon (3/15)

Altars:

Annotations:
D:3 Grinder


Innate Abilities, Weirdness & Mutations

You are immune to sickness and miasma.
You are immune to poison.
Your flesh is very heat resistant. (rF++)
You are vulnerable to cold. (rC-)
You float through the air rather than walking.
You learn spells naturally, not from books.
Your magical power is your life essence.
You have superior vitality. (+4 MHP)


Message History

Grinder is heavily wounded.
Grinder closely misses you.
The searing ray hits Grinder.
Grinder is heavily wounded.
You finish channelling your searing ray.
Grinder gestures at you. Pain shoots through your body!
The searing ray hits Grinder.
Grinder is severely wounded. (Press . to maintain the ray.) Grinder hits you.
You are too injured to fight recklessly!
Restarting spell: Searing Ray (safe; 6% risk of failure)
Press: ? - help, Q - select action, (/) - cycle Shift-Dir - straight line, f/p - Grinder
Aim: Grinder (severely wounded, 73% to hit)
The searing ray hits Grinder but does no damage.
Grinder is severely wounded. (Press . to maintain the ray.) Grinder closely misses you.
Unknown command.
The searing ray hits Grinder.
Grinder is severely wounded.
Grinder misses you.
The searing ray misses Grinder.
Grinder hits you.
* * * LOW HITPOINT WARNING * * *
You writhe in agony.
* * * LOW HITPOINT WARNING * * *
You hit Grinder.
Grinder is poisoned.
Grinder is severely wounded.
Grinder barely misses you.
You hit Grinder.
Grinder looks as sick as possible!
Grinder is almost dead.
Grinder gestures at you. You resist with significant effort.
You barely miss Grinder.
Grinder is almost dead.
Grinder hits you.
* * * LOW HITPOINT WARNING * * *
You writhe in agony.
You die...

## #.#####.......
...##...###...<)..
#.............<...
#######..##...#.....).
.##...# ##.##..###......
.......###.#...####.....
........##...#..# #####.
..............#..# .
......5@#..##.....#
............#######
.#....#####<# ##.#. ..#
.. . #.# .. $. $. . $.
### ###


You could see Grinder (extremely poisoned).

Vanquished Creatures
  Jessica (D:2)
  An orc wizard (D:3)
  2 dart slugs
  8 orcs
  A bat (D:1)
  3 endoplasms
  8 goblins
  6 hobgoblins
  5 jackals
  A quokka (D:2)
  6 ball pythons
  7 kobolds
  6 rats
55 creatures vanquished.

Notes
Turn   | Place    | Note
-------+----------+-------------------------------------------
     0 | D:1      | jimonade the Djinni Warper began the quest for the Orb.
     0 | D:1      | jimonade set off with the following spells memorised:
                  | Blink, Lesser Beckoning, Vhi's Electric Charge, Teleport
                  | Other, Manifold Assault.
     0 | D:1      | Reached XP level 1. HP: 18/18 MP: 0/0
   140 | D:1      | Found a faded altar of an unknown god.
   169 | D:1      | Reached XP level 2. HP: 23/23 MP: 0/0
   410 | D:1      | Reached skill level 3 in Spellcasting
   786 | D:1      | Reached XP level 3. HP: 28/28 MP: 0/0
   786 | D:1      | Learned a level 1 spell: Apportation
  1321 | D:2      | Noticed Jessica
  1359 | D:2      | Killed Jessica
  1360 | D:2      | Reached XP level 4. HP: 13/33 MP: 0/0
  1730 | D:2      | Reached skill level 4 in Spellcasting
  1795 | D:3      | Reached XP level 5. HP: 34/38 MP: 0/0
  1795 | D:3      | Learned a level 2 spell: Searing Ray
  1946 | D:3      | Noticed Grinder
  1959 | D:3      | HP: 1/38 [Grinder (5)]
  1959 | D:3      | Slain by Grinder

Illustrated notes

Levels and vault maps discovered:
D:1:      tarquinn_simple_flora_water_b, layout_basic,
          ebering_ecumenical_altar_webs
D:2:      layout_rooms, nrook_mini_backslash, uniq_jessica
D:3:      layout_rooms, uniq_grinder

Skill      XL: |  1  2  3  4 |
---------------+-------------+-----
Spellcasting   | 3 4 |  4.3
Fighting       | |  2.0
Polearms       | |  1.5
Throwing       | |  0.7
Armour         | |  1.0
Dodging        | |  2.1

Action                     |  1- 3 |  4- 6 || total
---------------------------+-------+-------++-------
  Melee: Spear             |   144 |     1 ||   145
         Punch             |     2 |       ||     2
         Dagger            |       |    32 ||    32
   Cast: Vhi's Electric Ch |       |     1 ||     1
         Searing Ray       |       |    12 ||    12
 Armour: Leather armour    |    31 |    12 ||    43
  Dodge: Dodged            |    76 |    30 ||   106

Table legend: (Time is in decaauts)
 A = Elapsed time spent in this place.
 B = Non-inter-level travel time spent in this place.
 C = Inter-level travel time spent in this place.
 D = Time resting spent in this place.
 E = Time spent auto-exploring this place.
 F = Levels seen in this place.
 G = Mean time per level.
                   A        B        C        D        E       F      G
               +--------+--------+--------+--------+--------+-----+--------+
         Total |   1965 |   1865 |    100 |      0 |   1435 |   3 |  655.0 |
       Dungeon |   1965 |   1865 |    100 |      0 |   1435 |   3 |  655.0 |
               +--------+--------+--------+--------+--------+-----+--------+

Top non-repeatable levels by time:
     D:1: 963 daAuts
     D:2: 793 daAuts
     D:3: 208 daAuts
